[Event "15th Paleochora Open 2022"]
[Site "Paleochora"]
[Date "2022.07.18"]
[Round "3.1"]
[White "Barbot, Pierre"]
[Black "Yilmaz, Mustafa"]
[Result "1/2-1/2"]
[ECO "E60"]
[WhiteElo "2438"]
[BlackElo "2634"]
[Annotator "TA"]
[PlyCount "41"]
[EventDate "2022.07.17"]
[EventType "swiss"]
[EventCountry "GRE"]
[SourceTitle "playchess.com"]
[Source "ChessBase"]
[SourceQuality "1"]
[TimeControl "40/5400+30:900+30"]

1. d4 Nf6 2. c4 c5 3. e3 g6 4. Nf3 Bg7 5. dxc5 Na6 6. Be2 {[%emt 0:05:39] E60: King's Indian: Unusual lines and Fianchetto Variation without Nc3.} Nxc5 7. O-O O-O 8. b4 $1 {[%emt 0:03:26][%mdl 4] The position is equal. is currently scoring better than 8.Nc3.} Nce4 9. Bb2 d5 10. Nbd2 {[%emt 0:06:42] [#]} Bg4 $146 ({Predecessor:} 10... Nxd2 11. Nxd2 b6 12. Rc1 a5 13. b5 Bb7 14. Qa4 Rc8 15. Rfd1 Nd7 16. Bxg7 Kxg7 17. cxd5 Rxc1 18. Rxc1 Bxd5 {½-½ (37) Kraai,J (2484)-Vigorito,D (2330) Denver 2019}) 11. h3 Nxd2 12. Nxd2 Bxe2 13. Qxe2 Qb6 14. Bd4 Qxb4 15. Rfb1 Qd6 16. Rxb7 e5 17. Bc3 Rfc8 18. Rc1 dxc4 19. Rb4 ({Not} 19. Nxc4 $2 Qa6 20. Qb2 (20. Rb4 $2 Nd5 $19) 20... Qxc4 $19) 19... Qa6 20. Rxc4 Re8 21. Nb3 {[%emt 0:01:13] A balanced but interesting game.  Weighted Error Value: White=0.05 (flawless) /Black=0.07 (flawless)} 1/2-1/2

[Event "15th Paleochora Open 2022"]
[Site "Paleochora"]
[Date "2022.07.18"]
[Round "3.2"]
[White "Bernadskiy, Vitaliy"]
[Black "Vlachos, Anatole"]
[Result "1/2-1/2"]
[ECO "A07"]
[WhiteElo "2610"]
[BlackElo "2433"]
[Annotator "TA"]
[PlyCount "41"]
[EventDate "2022.07.17"]
[EventType "swiss"]
[EventCountry "GRE"]
[SourceTitle "playchess.com"]
[Source "ChessBase"]
[SourceQuality "1"]
[TimeControl "40/5400+30:900+30"]

1. Nf3 d5 2. g3 Nf6 3. Bg2 e6 4. O-O Be7 5. d3 O-O 6. Bf4 {[%emt 0:01:38] A07: Réti Opening: New York and Capablanca Systems.} c5 7. c3 Nc6 {[%emt 0:00:25][%cal Bb8c6,Bc6e5,Be5c4][%mdl 32] [#]} 8. a3 $146 (8. e4 {is more complex.} dxe4 9. dxe4 Nxe4 10. Ne5) ({Predecessor:} 8. Nbd2 Nh5 9. e3 Nxf4 10. exf4 Qc7 11. Re1 Bf6 12. Qc2 b6 13. d4 Bb7 14. Ne5 cxd4 15. cxd4 Bxe5 16. fxe5 {½-½ (41) Vitek,D (1100)-Burdilak,M (1777) Nachod 2012}) 8... Nd7 9. b4 e5 10. Bc1 a6 11. bxc5 Nxc5 12. Nxe5 Nxe5 13. d4 {[%emt 0:00:02][%csl LRc5,LRe5] [#]} Nc4 $1 {[%emt 0:02:48] aiming for ...Ne4. The position is equal.} 14. dxc5 Be6 15. Nd2 Nxd2 16. Qxd2 Bxc5 17. a4 Qa5 18. Ba3 Bxa3 19. Rxa3 Rac8 20. Rb1 Rc4 21. Qb2 {[%emt 0:18:41] A balanced but interesting game.  Weighted Error Value: White=0.06 (flawless) /Black=0.04 (flawless)} ({Of course not} 21. Rxb7 d4 22. Qc2 dxc3 $19) 1/2-1/2

[Event "15th Paleochora Open 2022"]
[Site "Paleochora"]
[Date "2022.07.18"]
[Round "3.3"]
[White "Bulmaga, Irina"]
[Black "Meshkovs, Nikita"]
[Result "1/2-1/2"]
[ECO "B30"]
[WhiteElo "2394"]
[BlackElo "2535"]
[Annotator "TA"]
[PlyCount "106"]
[EventDate "2022.07.17"]
[EventType "swiss"]
[EventCountry "GRE"]
[SourceTitle "playchess.com"]
[Source "ChessBase"]
[SourceQuality "1"]
[TimeControl "40/5400+30:900+30"]

1. e4 c5 2. Nf3 Nc6 3. Nc3 Nf6 4. Bb5 Nd4 5. e5 Nxb5 6. Nxb5 Nd5 7. Ng5 f6 8. Qf3 {[%emt 0:02:11] B30: Sicilian: 2...Nc6 3 Bb5, lines without ...g6.} Nc7 {[%emt 0:30:43] [#]} 9. exf6 $1 exf6 10. Qe4+ {[%emt 0:01:07] White is slightly better.} Ne6 11. Nxh7 d5 12. Qg6+ Kd7 {[%emt 0:00:18] [#] Threatens to win with ...Kc6.} 13. Nxf8+ Qxf8 14. d4 {[%emt 0:17:04] [#]} ({Don't play} 14. Qf5 Kc6 15. a4 (15. c4 dxc4 16. a4 Ng5 $17) 15... a6 $17) (14. Qg3 $142) 14... Qe8 $146 {[%emt 0:05:41][%mdl 2048] Black has some pressure.} ({Predecessor:} 14... Kc6 15. c4 dxc4 16. a4 Nxd4 17. Qe4+ Kb6 18. Nxd4 cxd4 19. a5+ Ka6 20. O-O Qc5 {1-0 (46) Cruz,R (2298)-Madeira,W (2215) Sao Paulo 2004}) 15. Qxe8+ Rxe8 16. O-O {[%emt 0:02:27] And now dxc5 would win.} a6 $1 17. Nc3 Nxd4 18. Nxd5 Nxc2 {[%emt 0:01:00] ...Kc6 is the strong threat.} 19. Rb1 Kc6 {[%emt 0:00:35] Against Nb6} 20. Ne3 Nxe3 (20... Nd4 {with more complications.} 21. b4 Ne2+ 22. Kh1 b5) 21. Bxe3 Be6 22. Rbc1 b6 ({But not} 22... Bxa2 23. Rxc5+ Kd6 24. Rd1+ Ke6 25. f4 $11) 23. a3 Rad8 24. Rfd1 Kb5 25. Kf1 Ka4 26. Rxd8 Rxd8 $15 {[%emt 0:00:02][%mdl 4096] Endgame KRB-KRB} 27. Rc3 Rd1+ 28. Ke2 Rg1 29. g3 a5 {[%emt 0:00:17] Inhibits b4.} 30. h4 Bd5 31. h5 Rh1 32. g4 $1 f5 33. gxf5 Rxh5 34. Bd2 Rxf5 35. Rg3 Bc4+ 36. Ke1 Re5+ 37. Kd1 Bb3+ 38. Kc1 Re7 39. Rg4+ Kb5 40. Rg3 a4 41. Rd3 Re2 42. Rg3 Re7 43. Rd3 $1 g6 44. Be3 Kc6 45. Kd2 Bd5 46. Bg5 Re4 47. Re3 {[%emt 0:01:25] Black is slightly better.} Rd4+ 48. Rd3 Rc4 49. Rc3 Kb5 50. Rxc4 Kxc4 51. Bd8 b5 52. Be7 b4 53. Kc1 Bf3 {[%emt 0:00:55] Weighted Error Value: White=0.06 (flawless) /Black=0.06 (flawless)} 1/2-1/2

[Event "15th Paleochora Open 2022"]
[Site "Paleochora"]
[Date "2022.07.18"]
[Round "3.4"]
[White "Pap, Misa"]
[Black "David, Alberto"]
[Result "1/2-1/2"]
[ECO "B22"]
[WhiteElo "2375"]
[BlackElo "2534"]
[Annotator "TA"]
[PlyCount "44"]
[EventDate "2022.07.17"]
[EventType "swiss"]
[EventCountry "GRE"]
[SourceTitle "playchess.com"]
[Source "ChessBase"]
[SourceQuality "1"]
[TimeControl "40/5400+30:900+30"]

1. e4 c5 2. c3 Nf6 3. e5 Nd5 4. Nf3 e6 5. d4 cxd4 6. cxd4 d6 7. Bc4 Nc6 8. Qe2 Be7 9. O-O O-O 10. Rd1 $1 {[%emt 0:01:00][%mdl 4] is recently more successful than 10.Nc3.} Qc7 {[%emt 0:01:40] The position is equal.} 11. Bd2 {[%emt 0:03:22] B22: Sicilian: 2 c3.} a6 12. Nc3 Nxc3 13. Bxc3 dxe5 14. dxe5 b5 15. Bd3 Bb7 16. Rac1 Rfd8 {[%emt 0:11:50] [#]} 17. a3 $146 ({Predecessor:} 17. h4 Qb6 18. a3 h6 19. h5 b4 20. axb4 Nxb4 21. Bd4 Qa5 22. Bc3 {1-0 (39) Karpatchev,A (2487)-Colandrea,S (1874) St Chely d'Aubrac 2005}) 17... Rd7 {[%emt 0:06:44] [#]} 18. Ba5 $1 Qc8 19. Bb6 Qe8 20. h4 Rc8 21. Qe4 g6 {[%emt 0:00:17][%cal Oc6b4] [#] ...Nb4! is the strong threat.} 22. Qe3 Nb8 {[%emt 0:06:45] An interesting draw.  Weighted Error Value: White=0.04 (flawless) /Black=0.01 (flawless)} 1/2-1/2

[Event "15th Paleochora Open 2022"]
[Site "Paleochora"]
[Date "2022.07.18"]
[Round "3.5"]
[White "Stremavicius, Titas"]
[Black "Khayrullin, Denis"]
[Result "1-0"]
[ECO "A16"]
[WhiteElo "2532"]
[BlackElo "2361"]
[Annotator "TA"]
[PlyCount "161"]
[EventDate "2022.07.17"]
[EventType "swiss"]
[EventCountry "GRE"]
[SourceTitle "playchess.com"]
[Source "ChessBase"]
[SourceQuality "1"]
[TimeControl "40/5400+30:900+30"]

1. c4 Nf6 2. Nc3 d5 3. cxd5 Nxd5 4. Nf3 g6 5. h4 Bg7 6. e4 {[%emt 0:00:30] A16: English Opening: 1...Nf6 with ...d5.} Nxc3 7. dxc3 Qxd1+ 8. Kxd1 {[%emt 0:00:06] White is slightly better.} Bg4 9. Kc2 c6 {[%emt 0:00:30] [#]} 10. Bc4 $146 ({Predecessor:} 10. Be3 Nd7 11. Nd2 O-O-O 12. f3 Be6 13. h5 f5 14. a4 Kb8 15. Re1 Be5 16. f4 {1-0 (65) Abbasov,F (2527)-Atakishiyev,E (2240) Nakhchivan 2022}) 10... Bxf3 11. gxf3 h5 12. Be3 Nd7 13. Rad1 Ne5 14. Be2 Bh6 15. f4 Nd7 16. Bc4 $36 {[%emt 0:00:09][%cal Oc4f7][%mdl 2048] aiming for Bxf7+! White is more active.} e6 17. a4 Ke7 18. a5 a6 19. e5 Rhd8 20. Rd3 Nf8 (20... Ke8 $14) 21. f5 $16 Bxe3 (21... Rxd3 $142 22. f6+ (22. Bxd3 Bxe3 23. f6+ Kd8 $17) 22... Kd7 23. Kxd3 Bxe3 24. Kxe3 Kd8) 22. f6+ Ke8 23. Rxe3 (23. fxe3 Nd7 24. Rd4 Nxe5 $17) 23... Rd7 24. f4 Rad8 25. Rd3 {[%emt 0:00:32] Against Rd2+} Rxd3 26. Bxd3 {[%emt 0:00:30][%mdl 4096] Endgame KRB-KRN} Kd7 27. Rd1 Kc7 28. b4 Nd7 29. Be2 Rb8 30. Ra1 Rd8 31. Bd3 Nb8 32. Re1 ({White should try} 32. Rb1 $16) 32... Nd7 (32... c5 $1 $14) 33. Re4 (33. Rd1 $16) 33... Rb8 34. Rd4 Ra8 (34... c5 $14 35. Re4 b6) 35. Be4 Rb8 36. Kd2 Rc8 37. Rc4 Rd8 {[%emt 0:00:30] Strongly threatening ...Nxe5+.} 38. Ke3 Rc8 39. Bf3 ({Resist} 39. Rd4 Rd8) 39... Rd8 40. Rd4 Rc8 41. Rd2 Rb8 42. Ra2 Rd8 43. Be4 Rb8 44. Bd3 Ra8 45. c4 Rd8 46. Be4 Rb8 47. Rd2 Ra8 48. Kd4 Rd8 49. Kc3 $1 Ra8 50. Bf3 Ra7 51. Ra2 {[%emt 0:00:07] 0x0.0019889189badp-1022s more active pieces. The black rooks are badly placed.} Ra8 52. Ra1 Rd8 53. Rb1 Ra8 54. Rd1 Ra7 55. Kd4 Ra8 56. Rc1 Ra7 57. Ke3 Ra8 58. Rd1 Ra7 59. Ra1 Ra8 60. Rc1 Rd8 61. Ra1 Ra8 $1 62. Ke2 Rd8 63. Ra2 Ra8 64. b5 (64. Rd2 $16) 64... axb5 $11 65. cxb5 cxb5 66. Ke3 Nb8 (66... b4 $11 {keeps the balance.}) 67. Be2 ({Better is} 67. f5 $1 $16 ) 67... Nc6 {[%emt 0:00:30] Hoping for ...b4.} (67... b4 $5 ) 68. Bxb5 Nxa5 69. f5 gxf5 ({Don't do} 69... exf5 70. e6 fxe6 71. Rxa5 $1 $16) 70. Be2 b5 71. Bxb5 Rd8 72. Kf4 Rd4+ $2 {[%emt 0:00:30][%mdl 8192] [#] This costs Black the game.} (72... Kb6 $11 {and Black stays safe.} 73. Be2 Rd4+ 74. Kg5 Nc6) 73. Kg5 $1 $18 Rg4+ $2 (73... Kb6 74. Be8 Nc4) 74. Kxh5 Rg8 75. Kh6 Nb7 (75... Kb6 $142) 76. Kh7 Rg4 77. Be8 ({Less strong is} 77. h5 f4 78. Rc2+ Kb6 $18) 77... Rxh4+ 78. Kg7 {[%emt 0:00:30] Threatens to win with Rc2+.} Re4 79. Kxf7 Rxe5 80. Ke7 {[%emt 0:00:07] Intending f7 and mate.} Nd8 81. Rc2+ {[%emt 0:00:06][%mdl 64] Deflection.  Weighted Error Value: White=0.04 (flawless) /Black=0.06 (flawless)} 1-0

[Event "15th Paleochora Open 2022"]
[Site "Paleochora"]
[Date "2022.07.18"]
[Round "3.6"]
[White "Yilmazyerli, Mert"]
[Black "Naoum, Spyridon"]
[Result "1-0"]
[ECO "A04"]
[WhiteElo "2520"]
[BlackElo "2346"]
[Annotator "TA"]
[PlyCount "69"]
[EventDate "2022.07.17"]
[EventType "swiss"]
[EventCountry "GRE"]
[SourceTitle "playchess.com"]
[Source "ChessBase"]
[SourceQuality "1"]
[TimeControl "40/5400+30:900+30"]

1. Nf3 e6 2. g3 f5 3. Bg2 Nf6 4. O-O d5 5. d3 Bd6 6. c4 {[%emt 0:04:20] A04: Unusual lines after 1 Nf3 and King's Indian Attack.} dxc4 7. dxc4 Nc6 8. Nc3 {[%emt 0:00:41][%cal Oe2e4] White is slightly better.} O-O 9. Qb3 a6 {[%emt 0:19:10] [#]} 10. Bf4 $146 ({Predecessor:} 10. a3 Kh8 11. Bg5 h6 12. Bxf6 Qxf6 13. Rad1 e5 14. Nd5 Qf7 15. Nb6 Rb8 16. Nxc8 Rfxc8 {0-1 (51) Nesterov,Y-Glek,I (2460) Minsk 1986}) 10... Qe7 (10... Na5 $11 11. Qc2 (11. Qa4 Bd7 $15) 11... Nxc4) 11. Rad1 Bc5 (11... Bxf4 $11 12. gxf4 Rb8) 12. e3 $14 e5 (12... Rb8 $14) 13. Bg5 ({White should try} 13. Nd5 $16 Nxd5 14. cxd5 exf4 15. dxc6+ Be6 16. Qc2 fxg3 17. cxb7 gxf2+ 18. Rxf2) 13... Qf7 14. Bxf6 gxf6 15. Nd5 e4 16. Nh4 Ne5 17. Bh3 Kh8 18. Qc3 (18. Bxf5 $2 Bxf5 19. f4 (19. Nxf5 $2 Nf3+ 20. Kg2 Qh5 $19) 19... Nf3+ 20. Rxf3 Bg4 $19) (18. Nxf5 Nf3+ 19. Kg2 (19. Kh1 $2 Bxf5 20. Bxf5 Qh5 $19) 19... Bd6 $11) 18... c6 19. Nf4 Ng6 (19... Qxc4 $2 20. Qxc4 Nxc4 21. Rc1 (21. Bxf5 Nxb2 22. Rd2 Na4 $14) 21... Nxe3 22. Rfe1 $16 (22. Rxc5 Nxf1 23. Kxf1 Re8 $16) (22. fxe3 Bxe3+ 23. Kg2 Bxc1 $11)) 20. Nfg2 {[%emt 0:04:55] White is much more active.} (20. Bxf5 $2 Nxh4 21. Bxe4 Ng6 $17) 20... Ne7 21. f3 f4 (21... Qe6 $16) 22. Nxf4 $18 ({Don't play} 22. Bxc8 $6 fxe3 23. Nxe3 Raxc8 $16) 22... Bxh3 23. Nxh3 {[%emt 0:00:04] Pair of Knights!} Qe6 24. Kg2 (24. Nf4 $18 Qe5 25. Kf2 exf3 26. Qxe5 (26. Nxf3 Qxc3 27. bxc3 Rfe8 $16) 26... fxe5 27. Ne6) 24... Qe5 {[%emt 0:00:02] [#] This costs Black the game.} (24... Nf5 $16 25. Nxf5 Qxf5 26. fxe4 Qxe4+ 27. Rf3 Rae8) 25. Qxe5 fxe5 26. fxe4 Bxe3 27. Rd7 Rxf1 28. Kxf1 Bc5 29. Rxb7 {[%emt 0:00:28] [#] b4 is the strong threat.} a5 {[%emt 0:00:06] Against b4} 30. Ke2 {[%emt 0:00:38] White is clearly winning.} Rd8 31. Nf3 Kg8 32. Nhg5 {[%emt 0:01:45] Strongly threatening Ne6.} Bd6 33. Ne6 Rb8 34. Rxb8+ Bxb8 35. Nc5 {[%emt 0:00:06] Weighted Error Value: White=0.21 (precise) /Black=0.37} 1-0

[Event "15th Paleochora Open 2022"]
[Site "Paleochora"]
[Date "2022.07.18"]
[Round "3.7"]
[White "Grigorov, Grigor"]
[Black "Mitsis, Georgios"]
[Result "1/2-1/2"]
[ECO "A50"]
[WhiteElo "2511"]
[BlackElo "2334"]
[Annotator "TA"]
[PlyCount "29"]
[EventDate "2022.07.17"]
[EventType "swiss"]
[EventCountry "GRE"]
[SourceTitle "playchess.com"]
[Source "ChessBase"]
[SourceQuality "1"]
[TimeControl "40/5400+30:900+30"]

1. d4 Nf6 2. c4 e6 3. Bf4 Bb4+ 4. Nd2 O-O 5. a3 Bxd2+ 6. Qxd2 {[%emt 0:00:11] [#] The position is equal. A50: Queen's Fianchetto Defence (1 d4 Nf6 2 c4 b6).} d6 $146 ({Predecessor:} 6... d5 7. e3 b6 8. Qc2 dxc4 9. Bxc4 Ba6 10. Nf3 Qe7 11. Bxa6 Nxa6 12. Qc4 Nb8 13. Qxc7 Qxc7 14. Bxc7 {1-0 (40) Muratoglu,S (1942)-Schramek,K (1569) Bled 2018}) 7. Nf3 Nbd7 8. e3 Qe7 9. Qc2 b6 10. Bg5 h6 11. Bh4 Bb7 12. Be2 g5 13. Bg3 Ne4 14. Nd2 f5 15. f3 {[%emt 0:03:02] A rather calm draw.  Weighted Error Value: White=0.06 (flawless) /Black=0.05 (flawless)} 1/2-1/2

[Event "15th Paleochora Open 2022"]
[Site "Paleochora"]
[Date "2022.07.18"]
[Round "3.8"]
[White "Yankelevich, Lev"]
[Black "Demchenko, Svitlana"]
[Result "1/2-1/2"]
[ECO "E01"]
[WhiteElo "2496"]
[BlackElo "2122"]
[Annotator "TA"]
[PlyCount "79"]
[EventDate "2022.07.17"]
[EventType "swiss"]
[EventCountry "GRE"]
[SourceTitle "playchess.com"]
[Source "ChessBase"]
[SourceQuality "1"]
[TimeControl "40/5400+30:900+30"]

1. d4 d5 2. c4 e6 3. Nf3 Nf6 4. g3 h6 5. Bg2 Bd6 6. O-O {[%emt 0:00:08] E01: Catalan: Early deviations.} O-O 7. c5 Be7 {[%emt 0:00:08] [#]} 8. b4 $146 ({Predecessor:} 8. Nbd2 Nc6 9. Nb3 a5 10. a4 b6 11. cxb6 cxb6 12. Bf4 Ba6 13. Re1 Bb4 14. Bd2 Bxd2 15. Nbxd2 {0-1 (26) Dumont,G (1677)-Beck,G (1999) ICCF email 2016}) 8... Nc6 9. a3 b6 10. Bb2 Ne4 11. Nbd2 Rb8 12. cxb6 cxb6 13. Rc1 Bb7 14. Nb3 Nd6 15. Nfd2 Bf6 (15... a5 $17 16. bxa5 Nxa5) 16. Re1 $15 Qd7 17. e3 Rbc8 18. Bf1 Ne7 19. Na1 Bc6 20. Bd3 Rfd8 21. Qe2 Bb5 22. Bxb5 Qxb5 23. Qxb5 Nxb5 24. Kf1 Nd6 25. Ke2 Nc4 26. Rc2 Nxb2 27. Rxb2 {[%emt 0:00:03] The position is equal.} e5 28. dxe5 Bxe5 29. Rc2 d4 {[%emt 0:04:22] [#] Hoping for ...d3+.} 30. Rxc8 d3+ ({Don't do} 30... Rxc8 31. Nf3 f6 32. Nxd4 $14) 31. Kf3 Nxc8 32. Nab3 Nd6 33. Rd1 Bf6 34. Ne4 Nc4 $1 35. Nxf6+ gxf6 36. Nd4 Nb2 37. Rd2 Nc4 38. Rd1 Nb2 39. Rd2 Nc4 40. Rd1 {[%emt 0:00:00] Weighted Error Value: White=0.09 (flawless) /Black=0.07 (flawless)} 1/2-1/2

[Event "15th Paleochora Open 2022"]
[Site "Paleochora"]
[Date "2022.07.18"]
[Round "3.9"]
[White "Giannoulakis, Lampros"]
[Black "Hamitevici, Vladimir"]
[Result "0-1"]
[ECO "A61"]
[WhiteElo "2346"]
[BlackElo "2473"]
[Annotator "TA"]
[PlyCount "109"]
[EventDate "2022.07.17"]
[EventType "swiss"]
[EventCountry "GRE"]
[SourceTitle "playchess.com"]
[Source "ChessBase"]
[SourceQuality "1"]
[TimeControl "40/5400+30:900+30"]

1. d4 Nf6 2. c4 c5 3. d5 e6 4. Nc3 exd5 5. cxd5 d6 6. Nf3 g6 7. Bf4 Bg7 8. h3 {[%emt 0:06:04] A61: Modern Benoni: Nf3 without early e4.} O-O 9. e3 Ne8 10. Be2 {[%emt 0:03:33] White has an edge.} Nd7 11. O-O Ne5 12. Bxe5 Bxe5 13. Nxe5 dxe5 {[%emt 0:00:03] [#]} 14. a4 $146 ({Predecessor:} 14. Rc1 Nd6 15. Nb5 b6 16. Nxd6 Qxd6 17. e4 f5 18. f3 Bd7 19. Qd2 f4 20. Qc3 {½-½ (126) Elissalt Cardenas,H (2279)-Nastore,P (2234) Chess.com INT 2021}) 14... Nd6 15. Qd2 Bd7 16. e4 Qb6 17. f4 c4+ 18. Kh1 Qd4 19. Qe1 (19. Qc1 $5 Nxe4 20. Nxe4 Qxe4 21. Qxc4 Qxc4 22. Bxc4 $11) 19... exf4 (19... Nxe4 $2 20. Rd1 Nd6 21. Rxd4 $18) 20. Rxf4 Rae8 21. Qg3 b6 22. Rd1 Qe5 23. Rdf1 a6 $1 24. Qf2 b5 25. axb5 axb5 26. Qc5 f5 27. h4 (27. Kg1 $17) 27... Rf7 (27... fxe4 28. Rxf8+ Rxf8 29. Rxf8+ Kxf8 30. Nxe4 Qxe4 31. Qxd6+ Ke8 32. Qb8+ Kf7 33. Qa7 Qxh4+ 34. Kg1 $17) ({Black should try} 27... Rb8 $19 {...b4 is the strong threat.} 28. Qb4 fxe4 29. Rxf8+ Rxf8 30. Rxf8+ Kxf8 31. Nxe4 Qxe4 32. Qxd6+ Ke8 33. Qb8+ Kf7) 28. Bd1 {[%emt 0:13:22] [#]} (28. Kg1 $17 {was called for.}) 28... Rb8 $1 $19 {[%emt 0:04:25] And now ...b4 would win.} ({And not} 28... fxe4 29. Rxf7 Nxf7 30. Nxb5 $17) 29. Bc2 b4 30. Nd1 (30. Ne2 $142) 30... b3 ({Stronger than} 30... fxe4 31. Rxf7 Nxf7 32. Qa7 $17) 31. Bb1 Rc8 (31... fxe4 $142 32. Rxf7 Nxf7) 32. Qf2 (32. Qe3 $17) 32... Rcf8 33. exf5 Bxf5 (33... Nxf5 34. Kg1) (33... Qxd5 34. f6 $11) 34. Re1 $2 (34. Qe3 Qxd5 35. Nc3) 34... Qxd5 $2 (34... Be4 $19 {and Black stays clearly on top.} 35. Rxf7 Rxf7) 35. Ne3 Qc5 $36 {[%emt 0:01:03][%mdl 2048] White must now prevent ...Bxb1. White is under strong pressure. Black is much more active.} 36. Bxf5 gxf5 37. Qg3+ (37. Re2 $17 {is a better defense.}) 37... Rg7 38. Qf3 Re8 39. Kh2 $2 (39. Re2 $17 Rg6 40. Nxc4 Rxe2 41. Qxe2) 39... Rge7 (39... Kh8 $142 40. Re2 Rge7 41. Nxf5 Rxe2) 40. Qg3+ {[%emt 0:00:00] [#]} Kh8 $1 41. Rf3 (41. Nxf5 {was the only chance.} Nxf5 42. Qc3+ Kg8 43. Rxe7 Rxe7 44. Qf6) 41... Qe5 42. Rd1 $2 (42. Qxe5+ Rxe5 43. Rd1) 42... Qxg3+ 43. Kxg3 {[%emt 0:00:04] [#]} c3 $1 44. Rxd6 (44. bxc3 Ne4+) 44... cxb2 ({Weaker is} 44... Rxe3 45. bxc3 Rg8+ 46. Kf2 Rxf3+ 47. Kxf3 $15) 45. Rd1 Rxe3 46. Rb1 Rxf3+ 47. Kxf3 {[%emt 0:00:05][%mdl 4096] Endgame KR-KR} Rb8 48. Ke3 Rb4 $2 (48... Kg7 49. Kd3 Kh6) 49. Rxb2 $2 (49. Kd3 Rxh4 50. Rxb2) 49... Kg7 50. Kd3 Kg6 51. Kc3 Rb7 52. Kd2 Kh5 53. Kc1 Kxh4 {[%emt 0:00:11] aiming for ...f4.} 54. Rd2 b2+ 55. Kb1 {[%emt 0:00:03] Weighted Error Value: White=0.96/Black=0.29 (precise)} 0-1

[Event "15th Paleochora Open 2022"]
[Site "Paleochora"]
[Date "2022.07.18"]
[Round "3.10"]
[White "Leniart, Arkadiusz"]
[Black "Georgiadis, Anastasios"]
[Result "0-1"]
[ECO "C07"]
[WhiteElo "2473"]
[BlackElo "1701"]
[Annotator "TA"]
[PlyCount "122"]
[EventDate "2022.07.17"]
[EventType "swiss"]
[EventCountry "GRE"]
[SourceTitle "playchess.com"]
[Source "ChessBase"]
[SourceQuality "1"]
[TimeControl "40/5400+30:900+30"]

1. e4 e6 2. d4 d5 3. Nd2 c5 4. exd5 Qxd5 5. Ngf3 cxd4 6. Bc4 Qd8 7. O-O Nc6 8. Nb3 a6 {[%emt 0:01:43] C07: French Tarrasch: 3...c5, 4 Ngf3 and 4 exd5 Qxd5.} 9. Nbxd4 Nxd4 10. Nxd4 Qc7 {[%emt 0:00:14] The position is equal.} 11. Bb3 Bd6 12. Kh1 Ne7 13. c3 O-O 14. Qh5 {[%emt 0:03:18] [#]} e5 $146 ({Predecessor:} 14... Ng6 15. Be3 Nf4 16. Qf3 Bd7 17. Rad1 Rad8 18. Rfe1 Bc8 19. Bc2 Rfe8 20. Bc1 Ng6 {½-½ (57) Bratovic,B (2327)-Sebenik,M (2549) Maribor 2017}) 15. Ne2 ({Wrong is} 15. Bc2 $2 g6 16. Qh4 exd4 $19) 15... Bf5 16. Ng3 Bg6 17. Qe2 Qc6 18. Bg5 Rae8 19. Rad1 Bb8 $2 (19... Kh8 $11) 20. Qg4 $2 (20. Bxe7 $18 Rxe7 21. f4) 20... h6 $11 21. Be3 Rd8 22. Qc4 Qxc4 23. Bxc4 Nc8 24. Bd5 $1 Rd7 25. Rd2 Ba7 26. Bxa7 Nxa7 27. Rfd1 Re8 28. Ne4 {[%emt 0:01:28] [#]} (28. Kg1 $11) 28... Rxd5 $1 $17 29. Rxd5 {[%emt 0:02:21] And now Nc5 would win.} Bxe4 30. Rd8 Kf8 31. Rxe8+ Kxe8 32. Re1 Bg6 33. Rxe5+ Kd7 34. Re1 Nc6 35. f4 b5 36. g4 f5 37. h3 h5 38. gxh5 Bxh5 39. Rg1 g6 40. Kg2 Ne7 41. Re1 Nd5 42. Kg3 Nb6 43. Kf2 Nd5 44. Kg3 Nb6 (44... Nf6 $15) 45. Re3 Nc4 46. Rd3+ Ke7 47. b3 Nd6 48. Kf2 Ne4+ 49. Ke3 g5 50. Rd5 Ke6 51. c4 Nc3 52. Re5+ (52. Rd8 $11 {and White stays safe.}) 52... Kf6 $19 53. cxb5 axb5 {[%emt 0:01:49] Threatens to win with ...gxf4+.} 54. Rc5 $2 (54. a4 gxf4+ 55. Kxf4 Ne2+ 56. Rxe2 Bxe2 57. axb5 Bxb5 58. h4) 54... Nd1+ 55. Kd2 gxf4 {[%emt 0:01:17][%cal Bg5f4,Bf4f3,Bf3f2][%mdl 32] ...f3! is the strong threat.} 56. a4 {[%emt 0:01:27] [#]} (56. Rc1 $142 Nf2 57. a4 bxa4 58. bxa4 Ne4+ 59. Kd3) 56... f3 $1 {[%emt 0:01:54] ( -> ...f2)} 57. Ke1 (57. Rc6+ Kg5) 57... f2+ {[%emt 0:00:16] Black mates.} 58. Kf1 Kg5 59. axb5 Kf4 60. b6 Kg3 61. Re5 Bf3 {[%emt 0:00:23] Weighted Error Value: White=0.60/Black=0.20 (precise)} 0-1

[Event "15th Paleochora Open 2022"]
[Site "Paleochora"]
[Date "2022.07.18"]
[Round "3.11"]
[White "Hristodoulou, Panagiotis"]
[Black "Nevednichy, Vladislav"]
[Result "1/2-1/2"]
[ECO "B62"]
[WhiteElo "2330"]
[BlackElo "2473"]
[Annotator "TA"]
[PlyCount "31"]
[EventDate "2022.07.17"]
[EventType "swiss"]
[EventCountry "GRE"]
[SourceTitle "playchess.com"]
[Source "ChessBase"]
[SourceQuality "1"]
[TimeControl "40/5400+30:900+30"]

1. e4 c5 2. Nf3 d6 3. d4 cxd4 4. Nxd4 Nf6 5. Nc3 Nc6 6. Bg5 e6 7. Bb5 Bd7 8. Bxc6 bxc6 9. Qf3 e5 10. Nf5 h6 {[%emt 0:05:16] B62: Sicilian: Richter-Rauzer: 6...e6: Unusual White 7th moves.} 11. Bh4 ({Reject} 11. Bxf6 Qxf6 12. Ne3 Qxf3 13. gxf3 Be7 $15) 11... Bxf5 12. Qxf5 Be7 {[%emt 0:00:14] was the old line (12...Qd7).} 13. O-O-O O-O 14. Rd3 {[%emt 0:02:41] [#]} Nh7 $146 ({Predecessor:} 14... g6 15. Qf3 Nh5 16. Bxe7 Qxe7 17. Rhd1 Rfd8 18. g3 Rd7 19. Qe3 Kg7 20. f4 Nf6 21. fxe5 Qxe5 22. Qf4 Rad8 23. Qxe5 dxe5 24. Rxd7 Rxd7 25. Rxd7 {½-½ (25) Tucan,A (2000)-Horvat,M (2215) ICCF email 2007}) 15. Bxe7 Qxe7 16. h4 {[%emt 0:00:37] Weighted Error Value: White=0.01 (flawless) /Black=0.09 (flawless)} (16. Rhd1 $14) 1/2-1/2